 Dungeon Crawl Stone Soup version 0.31.0-1-g2c135a008e (webtiles) character file.

Game seed: 10533656886062127363

126 qw the Shooter (level 5, -2/40 HPs)
             Began as a Djinni Hunter on Jan 23, 2024.
             Killed by divine providence
             ... invoked by an orc priest
              (9 damage)
             ... on level 3 of the Dungeon.
             The game lasted 00:00:05 (1853 turns).

qw the Shooter (Djinni Hunter)                      Turns: 1853, Time: 00:00:06

Health: -2/40      AC:  3    Str: 10    XL:     5   Next: 32%
Gold:   112        EV: 12    Int: 11    God:
                   SH:  0    Dex: 18

rFire   + + .        a - +0 shortbow (heavy)
rCold   x . .        (shield currently unavailable)
rNeg    . . .        c - +0 leather armour
rPois   inf          (no helmet)
rElec   .            (no cloak)
rCorr   .            (no gloves)
SInv    .            (boots unavailable)
Will    .....        (no amulet)
Stlth   ++           (no ring)
HPRegen 0.26/turn    (no ring)
MPRegen 0.00/turn

%: infuse magic (-3 HP)
@: about to teleport, flying
A: sickness immunity, fire resistance 2, cold vulnerability 1, float, innate
caster, HP casting, extra vitality 1
a: no special abilities


You were on level 3 of the Dungeon.
You visited 1 branch of the dungeon, and saw 3 of its levels.

You collected 112 gold pieces.


Innate Abilities, Weirdness & Mutations

You are immune to sickness and miasma.
You are immune to poison.
Your flesh is very heat resistant. (rF++)
You are vulnerable to cold. (rC-)
You float through the air rather than walking.
You learn spells naturally, not from books.
Your magical power is your life essence.
You have superior vitality. (+4 MHP)


   Skills:
 - Level 3.5 Fighting
 + Level 4.1 Ranged Weapons
 - Level 3.0 Dodging
 - Level 0.7 Stealth


You knew the following spells:

 Your Spells              Type           Power      Damage    Failure   Level
a - Sandblast             Erth           0%         2d4       43%         1
b - Searing Ray           Conj           0%         2d4       58%         2
Your spell library was empty.

Inventory:

Hand Weapons
 a - a +0 heavy shortbow (weapon)
Armour
 b - a +0 ring mail
 c - a +0 leather armour (worn)
Scrolls
 d - a scroll of vulnerability {unknown}
 f - a scroll of poison {unknown}
 g - 3 scrolls of teleportation
Potions
 e - 2 potions of attraction {unknown}
 h - a potion of curing {unknown}

Dungeon Overview and Level Annotations

Branches:
Dungeon (3/15)

Altars:
Elyvilon
Qazlal

Shops:
D:1 =


Message History

The goblin hits you but does no damage. x2
You shoot an arrow. The arrow closely misses the goblin.
The goblin hits you with a +0 club. The goblin hits you but does no damage.
You shoot an arrow. The arrow hits the goblin.
The goblin is moderately wounded.
The goblin closely misses you.
An endoplasm comes into view.
The goblin hits you with a +0 club.
You shoot an arrow. The arrow misses the goblin.
The endoplasm quivers.
The goblin hits you with a +0 club.
You shoot an arrow. The arrow closely misses the goblin.
The arrow hits the endoplasm.
You kill the endoplasm!
The goblin hits you with a +0 club. The goblin barely misses you.
You shoot an arrow. The arrow hits the goblin!
You kill the goblin!
You start resting.
An orc priest comes into view. It is wielding a +0 trident.
1845 ||| FLEEEEING.
The orc priest shouts!
The orc priest mumbles some strange prayers to Beogh against you.
Beogh smites you!
1846 ||| FLEEEEING.
Found a knobbly steel ring.
You start resting.
An orc priest is nearby!
You shoot an arrow. The arrow barely misses the orc priest.
The orc priest invokes the aid of Beogh against you.
Pain shoots through your body!
You shoot an arrow. The arrow hits the orc priest!
The orc priest is heavily wounded.
The orc priest calls down the wrath of Beogh upon you.
Beogh smites you!
The orc priest hits you from afar with a +0 trident.
1853 ||| READING 4 scrolls of teleportation.
As you read the scroll of teleportation, it crumbles to dust.
You feel strangely unstable.
The orc priest calls down the wrath of Beogh upon you.
Beogh smites you!
You die...

.##### .....# .....#
)....# # ...%## ##### .#
..#.## #...#####.###.o
..#..# #.#.....o..)...
.....## #.#####.####...
..#...# #.####@.#...
......#####...<.........
..#.#.............##.###
..#.#..#######.......#
.......# ####....#.=
.......###....#..#### ..
.....%.....####..# ..
......###### ##..## #..
#.##### #....## ##.%


You could see an orc priest.

Vanquished Creatures
  A bombardier beetle (D:2)
  A jelly (D:3)
  An adder (D:2)
  A dart slug (D:2)
  2 ribbon worms
  4 endoplasms
  7 hobgoblins
  3 jackals (D:1)
  6 kobolds
  3 quokkas
  10 ball pythons
  2 bats (D:1)
  3 frilled lizards
  5 goblins
  4 rats
53 creatures vanquished.

Notes
Turn   | Place    | Note
-------+----------+-------------------------------------------
     0 | D:1      | qw the Djinni Hunter began the quest for the Orb.
     0 | D:1      | Reached XP level 1. HP: 18/18 MP: 0/0
     0 | D:1      | 0 ||| qw: Version: 0.3-a-136-gdd3b4e8
     0 | D:1      | 0 ||| qw: Game counter: 1149
     0 | D:1      | 0 ||| qw: Melee chars always use a shield: true
     0 | D:1      | 0 ||| qw: God list: Okawaru
     0 | D:1      | 0 ||| qw: Allow faded altars: false
     0 | D:1      | 0 ||| qw: Do Orc after clearing Dungeon:15 true
     0 | D:1      | 0 ||| qw: Do second Lair branch before Depths: true
     0 | D:1      | 0 ||| qw: Lair rune preference: random
     0 | D:1      | 0 ||| qw: Goals: Normal
     0 | D:1      | 0 ||| PLANNING D:1-11
   144 | D:1      | Reached XP level 2. HP: 23/23 MP: 0/0
   436 | D:1      | Found Xorodouc's Jewellery Shoppe.
   445 | D:1      | Reached XP level 3. HP: 28/28 MP: 0/0
   445 | D:1      | Learned a level 1 spell: Sandblast
   453 | D:1      | 453 ||| SHOPLISTING +6 ring of strength (432 gold, have 0).
   453 | D:1      | 453 ||| SHOPLISTING amulet "Vatruorr" {Faith rPois MP+9}
                  | (841 gold, have 0).
   453 | D:1      | 453 ||| SHOPLISTING amulet of faith (480 gold, have 0).
   453 | D:1      | 453 ||| SHOPLISTING ring of protection from fire (300 gold,
                  | have 0).
   794 | D:1      | Reached skill level 4 in Ranged Weapons
   866 | D:1      | 866 ||| READING scroll labelled EBBANT MEYSHRE.
   866 | D:1      | 866 ||| BRANDING +0 shortbow.
   867 | D:1      | 867 ||| READING 3 scrolls labelled PULACAE PILOU.
   870 | D:1      | 870 ||| DRINKING 2 red potions.
   897 | D:1      | 897 ||| DROPPING scroll of butterflies.
   898 | D:1      | 898 ||| DROPPING potion of lignification.
   956 | D:2      | Found a faded altar of an unknown god.
  1220 | D:2      | 1220 ||| FLEEEEING.
  1356 | D:2      | Reached skill level 3 in Fighting
  1356 | D:2      | Reached XP level 4. HP: 35/35 MP: 0/0
  1544 | D:2      | 1544 ||| DROPPING +6 ring of intelligence.
  1545 | D:2      | 1545 ||| READING scroll labelled RUODWE COPHA.
  1588 | D:3      | Reached skill level 3 in Dodging
  1588 | D:3      | Reached XP level 5. HP: 40/40 MP: 0/0
  1588 | D:3      | Learned a level 2 spell: Searing Ray
  1736 | D:3      | Found a stormy altar of Qazlal.
  1763 | D:3      | Found a white marble altar of Elyvilon.
  1845 | D:3      | 1845 ||| FLEEEEING.
  1846 | D:3      | 1846 ||| FLEEEEING.
  1852 | D:3      | HP: 7/40 [orc priest/divine providence (13)]
  1853 | D:3      | 1853 ||| READING 4 scrolls of teleportation.
  1853 | D:3      | Killed from afar by an orc priest

Levels and vault maps discovered:
D:1:      ncdulo_lavacross, layout_basic, serial_shops, shop
D:2:      layout_loops_ring, basic_ecumenical_altar, kennysheep_potato
D:3:      layout_rooms, mainiacjoe_overflow_brackets, elyvilon_altar_4,
          chequers_serial_rivers_micro_b, minmay_stone_trees_medium,
          minmay_misc_feat_square, uniq_natasha

Skill      XL: |  1  2  3  4 |
---------------+-------------+-----
Ranged Weapons | 4 |  4.1
Fighting       | 3 |  3.5
Dodging        | 3 |  3.0
Stealth        | |  0.7

Action                     |  1- 3 |  4- 6 || total
---------------------------+-------+-------++-------
   Fire: Shortbow          |    94 |    40 ||   134
    Use: Scroll            |     2 |     2 ||     4
         Potion            |     1 |       ||     1
 Armour: Leather armour    |    33 |     9 ||    42
  Dodge: Dodged            |    43 |     8 ||    51

Table legend:
 A = Non-vault XP
 B = Vault XP
 C = Vault XP percentage of total XP
 D = Non-vault monster count
 E = Vault monster count
 F = Vault count percentage of total count
                 A         B        C        D         E       F
            +---------+---------+-------+---------+---------+-------
      Total |     179 |       2 |   1.1 |      52 |       1 |   1.9
            +---------+---------+-------+---------+---------+-------
        D:1 |      30 |       0 |   0.0 |      20 |       0 |   0.0
        D:2 |      79 |       2 |   2.5 |      15 |       1 |   6.2
        D:3 |      70 |       0 |   0.0 |      17 |       0 |   0.0
            +---------+---------+-------+---------+---------+-------
